 Dungeon Crawl Stone Soup version 0.30.1-11-g7821555f0a (webtiles) character file.

Game seed: 2419025487649153428

4 Dregs the Vexing (level 1, 0/7 HPs)
             Began as a Felid Enchanter on Dec 3, 2023.
             Slain by a jackal (2 damage)
             ... on level 1 of the Dungeon.
             The game lasted 00:00:27 (117 turns).

Dregs the Vexing (Felid Enchanter)                   Turns: 117, Time: 00:00:27

Health: 0/7        AC:  1    Str: 12    XL:     1   Next: 50%
Magic:  4/4        EV: 17    Int: 14    God:
Gold:   13         SH:  0    Dex: 14    Spells: 4/4 levels left
                                        Lives:  0   Deaths: 0

rFire   . .          .
                       - Unarmed
rCold   . . .        (shield unavailable)
rNeg    . . .        (body armour unavailable)
rPois   .            (helmet unavailable)
rElec   .            (cloak unavailable)
rCorr   .            (gloves unavailable)
SInv    +            (boots unavailable)
Will    .....        (no amulet)
Stlth   +++          (no ring)
HPRegen 0.21/turn    (no ring)
MPRegen 0.09/turn

%: no passive effects
@: quick
A: very small, claws 1, fangs 3, see invisible, speed 1, shaggy fur 1, stealthy
paws, no weapons or thrown items, no armour, multi-lived, mutation resistance 1,
strong 2
a: no special abilities


You were on level 1 of the Dungeon.
You visited 1 branch of the dungeon, and saw 1 of its levels.

You collected 13 gold pieces.

Inventory:

Potions
 a - 2 potions of invisibility


   Skills:
 * Level 0.1 Fighting
 * Level 2.7 Dodging
 * Level 4.1 Stealth
 * Level 1.1 Unarmed Combat
 * Level 2.0 Spellcasting
 * Level 4.5 Hexes


You had 4 spell levels left.
You didn't know any spells.
Your spell library contained the following spells:

 Spells                   Type           Power      Damage    Failure   Level
 Confusing Touch          Hex            14%        N/A       11%         3
 Tukima's Dance           Hex            14%        N/A       11%         3
 Ensorcelled Hibernation  Hex/Ice        14%        N/A       14%         2
 Dazzling Flash           Conj/Hex       14%        N/A       28%         3


Dungeon Overview and Level Annotations

Branches:
Dungeon (1/15)

Altars:


Innate Abilities, Weirdness & Mutations

You have sharp claws.
You have razor-sharp teeth.
You have supernaturally acute eyesight. (SInv)
You cover ground quickly. (Speed+)
You are covered in fur. (AC +1)
Your paws help you pounce on unaware monsters.
You are incapable of wielding weapons or throwing items.
You cannot wear armour.
You gain extra lives every three experience levels.
You are somewhat resistant to further mutation.
Your muscles are very strong. (Str +8, Int/Dex -2)


Message History

The bat attacks as you move away! The bat closely misses you.
The bat misses you. The bat barely misses you. The rat completely misses you.
The bat misses you. The bat misses you. The jackal closely misses you.
The jackal attacks as you move away! The jackal bites you.
The bat attacks as you move away! The bat hits you but does no damage.
The bat misses you. The bat attacks as you move away! The bat misses you.
The bat barely misses you. The bat barely misses you.
Found a dagger.
You scratch the bat but do no damage. The bat barely misses you.
The bat misses you.
You scratch the bat.
You kill the bat!
Found a stone staircase leading down.
The jackal bites you.
You closely miss the jackal. The jackal completely misses you.
You scratch the jackal. Your bite misses the jackal.
The jackal is severely wounded.
The jackal closely misses you.
You closely miss the jackal.
The jackal is severely wounded.
The jackal misses you. The jackal bites you.
You barely miss the jackal.
The jackal is severely wounded.
The jackal bites you.
You closely miss the jackal.
The jackal is severely wounded.
The jackal barely misses you.
You closely miss the jackal.
The jackal is severely wounded.
The jackal misses you. The jackal bites you.
* * * LOW HITPOINT WARNING * * *
Unknown command.
It was a potion of mutation.
You feel extremely strange.
You feel genetically stable.
You feel stronger. x2
The jackal bites you.
You die...

###. #.## ### ..>.
...######.. ...
#..##...... #..
#..#......g #..
#..#.gB###. #####..
#..#...# #.
.).....#######..#g..###.
#..@hhrB............
######gg....#.......
#.###.##.......
#..........###.
#..##).....# .
#..######..# #######..#
#.... #........# ....
#.######.# .


You could see 2 jackals, a giant cockroach, 2 hobgoblins and a rat.

Vanquished Creatures
  A ball python (D:1)
  A goblin (D:1)
  A bat (D:1)
  A rat (D:1)
4 creatures vanquished.

Notes
Turn   | Place    | Note
-------+----------+-------------------------------------------
     0 | D:1      | Dregs the Felid Enchanter began the quest for the Orb.
     0 | D:1      | Reached XP level 1. HP: 7/7 MP: 4/4
   117 | D:1      | Gained mutation: You are somewhat resistant to further
                  | mutation. [potion of mutation]
   117 | D:1      | Gained mutation: Your muscles are strong. (Str +4, Int/Dex
                  | -1) [potion of mutation]
   117 | D:1      | Gained mutation: Your muscles are very strong. (Str +8,
                  | Int/Dex -2) [potion of mutation]
   117 | D:1      | Slain by a jackal

Illustrated notes

Levels and vault maps discovered:
D:1:      lightli_arrival_boilingwater, layout_loops_ring, kennysheep_boxes

Action                     || total
---------------------------++-------
  Melee: Unarmed           ||    16
    Use: Potion            ||     1
   Stab: Sleeping          ||     2
 Armour: Skin              ||     1
  Dodge: Dodged            ||    26
